 Dungeon Crawl Stone Soup version 0.20.1-1-g8b1a95d (webtiles) character file.

214 asishallab the Chucker (level 5, 0/48 HPs)
             Began as a Troll Hunter on Dec 21, 2017.
             Slain by Menkaure (13 damage)
             ... on level 4 of the Dungeon.
             The game lasted 00:09:17 (2662 turns).

asishallab the Chucker (Troll Hunter)               Turns: 2662, Time: 00:09:18

Health: 0/48       AC:  7    Str: 20    XL:     5   Next: 59%
Magic:  4/4        EV: 10    Int:  7    God:
Gold:   130        SH:  0    Dex: 11    Spells: 4/4 levels left

rFire    . . .     SeeInvis .   a - +0 short sword
rCold    . . .     Gourm    +   (no shield)
rNeg     . . .     Faith    .   b - +0 robe
rPois    .         Spirit   .   (helmet restricted)
rElec    .         Reflect  .   o - +1 cloak {+Inv}
rCorr    .         Harm     .   (gloves unavailable)
MR       .....                  (boots unavailable)
Stlth    +.........             (no amulet)
Regen    0.6/turn               (no ring)
MPRegen  0.1/turn               (no ring)

@: no status effects
A: unfitting armour, claws 3, fast metabolism 3, gourmand, regeneration 1,
shaggy fur 1, tough skin 2
a: Evoke Invisibility


You were on level 4 of the Dungeon.
You were very full.

You visited 1 branch of the dungeon, and saw 4 of its levels.

You collected 130 gold pieces.

Inventory:

Hand Weapons
 a - a +0 short sword (weapon)
Missiles
 k - 92 stones
 l - a large rock (quivered)
Armour
 b - a +0 robe (worn)
 o - a +1 cloak of invisibility (worn)
Jewellery
 n - a cursed -3 ring of dexterity {unknown}
 r - a cursed ring of loudness {unknown}
Scrolls
 c - 3 scrolls of teleportation
 d - a scroll of random uselessness {unknown}
 e - 2 scrolls of remove curse
 m - 3 scrolls of magic mapping
 p - 4 scrolls of identify
 s - a scroll of fog {unknown}
 v - a scroll of fear {unknown}
Potions
 g - 2 potions of brilliance {unknown}
 h - a potion of resistance
 t - a potion of curing {unknown}
Comestibles
 f - 3 bread rations
 i - a meat ration
 j - 5 fruits
 q - a royal jelly


   Skills:
 - Level 1.5 Fighting
 * Level 5.5 Throwing
 + Level 3.1 Dodging
 - Level 0.3 Stealth


You had 4 spell levels left.
You didn't know any spells.

Dungeon Overview and Level Annotations

Branches:
Dungeon (4/15)
 Temple: D:4-7

Altars:
Elyvilon
Yredelemnul

Annotations:
D:4 Menkaure


Innate Abilities, Weirdness & Mutations

You are too large for most types of armour.
You have claws for hands.
Your metabolism is lightning-fast.
You like to eat raw meat.
Your natural rate of healing is unusually fast.
You are covered in fur. (AC +1)
You have very tough skin. (AC +2)


Message History

Menkaure is heavily damaged.
Menkaure gestures wildly while chanting.
Menkaure seems to speed up.
You barely miss Menkaure.
Menkaure is heavily damaged.
Menkaure hits you but does no damage.
You completely miss Menkaure.
Menkaure is moderately damaged.
Menkaure closely misses you.
You hit Menkaure but do no damage.
Menkaure is moderately damaged.
Menkaure hits you! x2
* * * LOW HITPOINT WARNING * * *
You hit Menkaure but do no damage.
Menkaure is moderately damaged.
Menkaure closely misses you.
You hit Menkaure but do no damage.
Menkaure is moderately damaged.
Menkaure hits you!
You die...

#.#.....
#.#....
..../..
#.....
#.... #..#
#######..#
#......@.#
#.####.M.#
#.# #.#(#
##'##
#.#(..
#...#
#.#####
#...# #..
#...# ###
#...#
##.##


You could see Menkaure.

Vanquished Creatures
  2 orc priests
  Robin (D:2)
  4 gnolls (D:2)
  2 adders (D:3)
  A worm (D:2)
  5 dart slugs
  A leopard gecko (D:1)
  4 orcs
  5 bats
  A giant cockroach (D:1)
  17 goblins
  7 hobgoblins
  8 kobolds
  2 quokkas
  4 frilled lizards
  3 rats
67 creatures vanquished.

Vanquished Creatures (others)
  An adder (D:2)
  2 goblins (D:2)
  A hobgoblin (D:2)
4 creatures vanquished.

Grand Total: 71 creatures vanquished

Notes
Turn   | Place    | Note
-------+----------+-------------------------------------------
     0 | D:1      | asishallab the Troll Hunter began the quest for the Orb.
     0 | D:1      | Reached XP level 1. HP: 19/19 MP: 0/0
   104 | D:1      | Reached XP level 2. HP: 27/27 MP: 1/1
   137 | D:1      | Reached skill level 4 in Throwing
   528 | D:1      | Reached XP level 3. HP: 33/33 MP: 2/2
   716 | D:1      | Found a basalt altar of Yredelemnul.
   859 | D:2      | Found a white marble altar of Elyvilon.
   885 | D:2      | Noticed Robin
   885 | D:2      | Killed Robin
  1171 | D:2      | Reached XP level 4. HP: 41/41 MP: 3/3
  1468 | D:2      | Reached skill level 5 in Throwing
  1523 | D:2      | Reached XP level 5. HP: 6/48 MP: 4/4
  2654 | D:4      | Noticed Menkaure
  2662 | D:4      | Slain by Menkaure

Skill      XL: |  1  2  3  4  5 |
---------------+----------------+-----
Throwing       | 4 5 |  5.5
Dodging        | 2 3 |  3.1
Fighting       | |  1.5
Stealth        | |  0.3

Action                   |  1- 3 |  4- 6 || total
-------------------------+-------+-------++-------
Melee: Short sword       |    40 |    81 ||   121
Throw: Large rock        |    30 |    27 ||    57
       Stone             |    12 |    24 ||    36
       Throwing net      |     2 |       ||     2
  Use: Scroll            |     3 |     2 ||     5
       Potion            |     1 |     1 ||     2
  Eat: Chunk             |    16 |    13 ||    29
Armor: Robe              |    18 |    40 ||    58
Dodge: Dodged            |    26 |    56 ||    82
